 Dungeon Crawl Stone Soup version 0.21.1-1-g345015fe64 (webtiles) character file.

4242 Kohma the Destroyer (level 10, -3/50 HPs)
             Began as a Deep Elf Conjurer on July 1, 2018.
             Was a Follower of Vehumet.
             Killed from afar by a gargoyle (8 damage)
             ... with a stone arrow
             ... on level 9 of the Dungeon.
             The game lasted 00:36:56 (10929 turns).

Kohma the Destroyer (Deep Elf Conjurer)            Turns: 10929, Time: 00:36:57

Health: -3/50      AC: 17    Str:  7    XL:     10   Next: 9%
Magic:  12/25      EV: 15    Int: 24    God:    Vehumet [*.....]
Gold:   408        SH:  5    Dex: 17    Spells: 13/27 levels left

rFire    + + .     SeeInvis +   I - +7 falchion "Cegag" {slice, Str+4 SInv}
rCold    . . .     Gourm    .   s - +0 buckler
rNeg     . . .     Faith    .   G - +3 leather armour {MR+}
rPois    .         Spirit   .   i - +2 hat {MR+}
rElec    .         Reflect  .   y - +2 cloak
rCorr    .         Harm     .   t - +5 pair of gloves "Fecae" {rF+}
MR       +++..                  (no boots)
Stlth    ++........             (no amulet)
HPRegen  0.16/turn              h - ring of wizardry
MPRegen  0.19/turn              p - ring "Jyarphamp" {+Fly rF+ Str-2 Dex+2}

@: no status effects
A: no striking features
a: Renounce Religion, Evoke Flight


You were on level 9 of the Dungeon.
You worshipped Vehumet.
Vehumet was aware of your devotion.
You were not hungry.

You visited 2 branches of the dungeon, and saw 10 of its levels.

You collected 408 gold pieces.

Inventory:

Hand Weapons
 w - a +1 dagger of flaming
 I - the +7 falchion "Cegag" (weapon) {slice, Str+4 SInv}
   (You took it off an orc wizard on level 8 of the Dungeon)

   It inflicts extra damage upon your enemies.
   It affects your strength (+4).
   It lets you see invisible.
 J - a +3 rapier of electrocution
 M - a +4 rapier
Missiles
 g - 322 stones (quivered)
 u - 5 poisoned needles
Armour
 i - a +2 hat of magic resistance (worn)
 s - a +0 buckler (worn)
 t - the +5 pair of gloves "Fecae" (worn) {rF+}
   (You found it on level 8 of the Dungeon)

   It protects you from fire.
 y - a +2 cloak (worn)
 G - a +3 leather armour of magic resistance (worn)
Jewellery
 d - an uncursed ring of stealth
 h - a ring of wizardry (left hand)
 p - the ring "Jyarphamp" (right hand) {+Fly rF+ Str-2 Dex+2}
   (You found it on level 5 of the Dungeon)

   [ring of protection from fire]

   It affects your strength (-2).
   It affects your dexterity (+2).
   It protects you from fire.
   It lets you fly.
 A - an uncursed ring of protection from magic
 C - a +4 ring of strength
 K - an uncursed ring of protection from magic
Wands
 a - a wand of acid (8)
 B - a wand of enslavement (15)
Scrolls
 e - 3 scrolls of teleportation
 n - a scroll of immolation
 q - 6 scrolls of amnesia
 H - 3 scrolls of remove curse
 L - a scroll of fear
Potions
 f - 2 potions of cancellation
 j - a potion of magic
 k - a potion of resistance
 l - a potion of lignification
 o - a potion of ambrosia {unknown}
 r - a potion of haste {unknown}
 v - 3 potions of flight
 x - a potion of agility {unknown}
 z - 4 potions of curing
 D - 2 potions of heal wounds
 E - a potion of invisibility {unknown}
Books
 b - a book of Conjurations

   Spells                             Type                      Level
   a - Magic Dart                     Conjuration                  1
   b - Searing Ray                    Conjuration                  2
   c - Dazzling Spray                 Conjuration/Hexes            3
   d - Fulminant Prism                Conjuration/Hexes            4
   e - Force Lance                    Conjuration/Translocation    4
   f - Iskenderun's Mystic Blast      Conjuration                  4
 m - a book of Misfortune

   Spells                             Type                      Level
   a - Confusing Touch                Hexes                        1
   b - Confuse                        Hexes                        3
   c - Gell's Gravitas                Translocation                3
   d - Petrify                        Transmutation/Earth          4
   e - Metabolic Englaciation         Hexes/Ice                    5
   f - Yara's Violent Unravelling     Hexes/Transmutation          5
Comestibles
 c - 7 rations


   Skills:
 - Level 6.0 Dodging
 - Level 2.4 Stealth
 - Level 4.0 Shields
 + Level 9.2 Spellcasting
 * Level 11.2 Conjurations
 - Level 5.0 Hexes
 + Level 4.2 Evocations


You had 13 spell levels left.
You knew the following spells:

 Your Spells              Type           Power        Failure   Level  Hunger
a - Magic Dart            Conj           ####         1%          1    None
b - Searing Ray           Conj           ######       1%          2    None
c - Fulminant Prism       Conj/Hex       ######....   1%          4    ##.....
d - Iskenderun's Mystic   Conj           ######..     1%          4    ##.....
e - Confuse               Hex            #####...     1%          3    None


Dungeon Overview and Level Annotations

Branches:
Dungeon (9/15)             Temple (1/1) D:6
   Lair: D:8-11         Orc: D:9-12

Altars:
Ashenzari
Cheibriados
Dithmenos
Elyvilon
Fedhas
Gozag
Hepliaklqana
Kikubaaqudgha
Makhleb
Nemelex Xobeh
Okawaru
Qazlal
Ru
Sif Muna
Trog
Uskayaw
Vehumet
Wu Jian
Xom
Yredelemnul
Zin
The Shining One

Shops:
D:5 (

Annotations:
D:8 exclusion: downstairs


Message History

The searing ray hits the gargoyle.
The gargoyle is lightly damaged.
The searing ray hits the gargoyle.
The gargoyle is moderately damaged.
Casting: Searing Ray
Confirm with . or Enter, or press ? or * to list all spells.
Aiming: Searing Ray
Press: ? - help, Shift-Dir - straight line, f/p - gargoyle
Aim: a gargoyle, wielding a morningstar (moderately damaged)
The searing ray hits the gargoyle.
The gargoyle is moderately damaged. (Press . to maintain the ray.)
The gargoyle hits you with a morningstar!!
* * * LOW HITPOINT WARNING * * *
The gargoyle hurls a stone arrow at you.
The stone arrow hits you!
* * * LOW HITPOINT WARNING * * *
The gargoyle hurls a stone arrow at you.
The stone arrow hits you!
You die...

### #<# ##.##
#.@.# ##
##...## #.
#.....# #.
##..9..## .
#.......# ##
##.......##
#<
#.........#
##
######'######
...(.
#<.........<#
#...#


You could see a gargoyle.

Vanquished Creatures
  A wizard (D:9)
  The ghost of Goboxel the Slasher, an amateur HuBe of Trog (D:4)
  Grinder (D:4)
  Sigmund (D:5)
  Eustachio (D:6)
  2 soldier ants (D:8)
  Edmund (D:4)
  3 orc warriors
  A sky beast (D:8)
  A black bear (D:8)
  3 ice beasts
  A phantom (D:4)
  2 ogres
  A centaur (D:6)
  2 bullfrogs (D:6)
  A water moccasin zombie (D:6)
  A wyvern zombie (D:6)
  2 scorpions
  A howler monkey (D:8)
  4 bullfrog zombies (D:6)
  2 crimson imps
  2 jellies
  3 orc priests
  Crazy Yiuf (D:5)
  6 hounds
  2 bullfrog skeletons
  A centaur skeleton (D:4)
  7 orc wizards
  An iguana (D:4)
  6 worker ants
  A killer bee zombie (D:5)
  2 hound zombies (D:6)
  3 gnolls (D:7)
  9 adders
  A shadow imp (D:8)
  An ooze (D:6)
  An adder zombie (D:6)
  2 adder skeletons
  A worm (D:8)
  3 dart slugs
  4 leopard geckos
  19 orcs
  4 bats
  4 giant cockroaches
  3 goblins
  10 hobgoblins
  7 jackals
  8 kobolds
  3 quokkas
  2 ball pythons
  9 frilled lizards
  A leopard gecko skeleton (D:6)
  A leopard gecko zombie (D:5)
  2 quokka skeletons
  7 rats
  A fulminant prism (D:9)
171 creatures vanquished.

Vanquished Creatures (others)
  A quokka (D:9)
  25 fulminant prisms
26 creatures vanquished.

Grand Total: 197 creatures vanquished

Notes
Turn   | Place    | Note
-------+----------+-------------------------------------------
     0 | D:1      | Kohma the Deep Elf Conjurer began the quest for the Orb.
     0 | D:1      | Reached XP level 1. HP: 10/10 MP: 6/6
   460 | D:1      | Reached XP level 2. HP: 13/15 MP: 5/8
   500 | D:1      | Learned a level 2 spell: Searing Ray
   944 | D:1      | Reached skill level 5 in Conjurations
   949 | D:1      | Reached XP level 3. HP: 19/19 MP: 5/10
  1174 | D:2      | Reached XP level 4. HP: 24/24 MP: 5/11
  2319 | D:3      | Reached XP level 5. HP: 27/28 MP: 4/13
  3104 | D:4      | Reached skill level 6 in Conjurations
  3230 | D:4      | Learned a level 4 spell: Fulminant Prism
  3235 | D:4      | Learned a level 4 spell: Iskenderun's Mystic Blast
  3505 | D:4      | Noticed Edmund
  3511 | D:4      | Killed Edmund
  3511 | D:4      | Reached skill level 1 in Shields
  3511 | D:4      | Reached XP level 6. HP: 32/32 MP: 0/15
  3641 | D:4      | Reached skill level 5 in Spellcasting
  4025 | D:4      | Noticed Goboxel's ghost (amateur HuBe)
  4040 | D:4      | Reached XP level 7. HP: 14/36 MP: 1/16
  4298 | D:4      | Reached skill level 7 in Conjurations
  4537 | D:4      | Killed Goboxel's ghost
  4537 | D:4      | Reached skill level 5 in Dodging
  5009 | D:4      | Noticed Grinder
  5020 | D:4      | Killed Grinder
  5020 | D:4      | Reached XP level 8. HP: 18/41 MP: 8/19
  5413 | D:5      | Entered Level 5 of the Dungeon
  5417 | D:5      | Found a basalt altar of Yredelemnul.
  5572 | D:5      | Learned a level 3 spell: Confuse
  5616 | D:5      | Reached skill level 8 in Conjurations
  5673 | D:5      | Found Onteajunatu's Weapon Emporium.
  5784 | D:5      | Got a slimy bone ring
  5806 | D:5      | Found a runed door.
  5810 | D:5      | Noticed Crazy Yiuf
  5822 | D:5      | Killed Crazy Yiuf
  5902 | D:5      | You fall through a shaft for 2 floors!
  5937 | D:7      | Identified the ring "Jyarphamp" {+Fly rF+ Str-2 Dex+2} (You found it on level 5 of the Dungeon)
  6535 | D:6      | Found an iron altar of Okawaru.
  6586 | D:6      | Reached skill level 9 in Conjurations
  7147 | D:5      | Reached XP level 9. HP: 45/45 MP: 17/22
  7381 | D:5      | Noticed Sigmund
  7386 | D:5      | Killed Sigmund
  7386 | D:5      | Reached skill level 1 in Hexes
  7386 | D:5      | Reached skill level 1 in Evocations
  7475 | D:6      | Noticed Eustachio
  7625 | D:6      | Killed Eustachio
  8011 | D:6      | Reached skill level 10 in Conjurations
  8350 | D:6      | Found a staircase to the Ecumenical Temple.
  8360 | Temple   | Entered the Ecumenical Temple
  8367 | Temple   | Became a worshipper of Vehumet
 10137 | D:8      | Got a pair of dazzling gloves
 10143 | D:8      | Identified the +5 pair of gloves "Fecae" {rF+} (You found it on level 8 of the Dungeon)
 10245 | D:8      | Reached * piety under Vehumet
 10245 | D:8      | Offered knowledge of Flame Tongue by Vehumet.
 10251 | D:8      | Got a steaming falchion {slice}
 10266 | D:8      | Identified the +7 falchion "Cegag" {slice, Str+4 SInv} (You took it off an orc wizard on level 8 of the Dungeon)
 10488 | D:8      | Reached skill level 11 in Conjurations
 10644 | D:9      | Found a white marble altar of Elyvilon.
 10661 | D:9      | Noticed a two-headed ogre
 10689 | D:9      | Noticed a troll
 10894 | D:9      | Noticed a wizard
 10894 | D:9      | Noticed a gargoyle
 10899 | D:9      | Killed a wizard
 10899 | D:9      | Reached skill level 5 in Hexes
 10899 | D:9      | Reached XP level 10. HP: 37/50 MP: 22/25
 10929 | D:9      | Killed from afar by a gargoyle

Skill      XL: |  1  2  3  4  5  6  7  8  9 |
---------------+----------------------------+-----
Dodging        | 3 4 5 6 |  6.0
Conjurations   | 5 6 7 9 11 | 11.2
Spellcasting   | 4 5 6 7 9 |  9.2
Shields        | 1 2 3 4 |  4.0
Hexes          | 5 |  5.0
Evocations     | 4 |  4.2
Stealth        | |  2.4

Action                   |  1- 3 |  4- 6 |  7- 9 | 10-12 || total
-------------------------+-------+-------+-------+-------++-------
Melee: Unarmed           |     4 |       |       |       ||     4
       Dagger            |       |       |    22 |       ||    22
       Falchion          |       |       |     1 |       ||     1
 Cast: Magic Dart        |    46 |   114 |    79 |       ||   239
       Searing Ray       |     3 |     2 |    67 |     3 ||    75
       Iskenderun's Myst |       |     7 |     5 |       ||    12
       Fulminant Prism   |       |     2 |    23 |     1 ||    26
       Confuse           |       |       |     8 |     2 ||    10
  Use: Scroll            |       |       |    22 |       ||    22
       Potion            |       |       |     2 |       ||     2
  Eat: Chunk             |     1 |     5 |     6 |       ||    12
       Ration            |     1 |       |     6 |       ||     7
Armor: Robe              |     2 |     2 |     1 |       ||     5
       Leather armour    |       |       |    51 |       ||    51
Dodge: Dodged            |    15 |    13 |   127 |     3 ||   158
Block: Buckler           |       |       |    46 |       ||    46
       Rpst.: Long sword |       |     4 |     1 |       ||     5
       Falchion          |       |       |     1 |       ||     1
